 Dungeon Sprint DCSS version 0.21-a0-51-gea492e9 (webtiles) character file.

177656 Kidiri the Wrestler (level 17, -3/202 HPs)
             Began as a Troll Monk on June 12, 2017.
             Was the Champion of Wu Jian.
             Slain by an acid blob (30 damage)
             ... created by the Royal Jelly
             ... in the Dungeon (Sprint V: "Ziggurat Sprint").
             The game lasted 00:41:27 (2686 turns).

Kidiri the Wrestler (Troll Monk)                    Turns: 2686, Time: 00:41:28

Health: -3/202     AC:  3    Str: 32    XL:     17   Next: 55%
Magic:  0/16       EV: 14    Int:  6    God:    Wu Jian [******]
Gold:   0          SH: 37    Dex: 26    Spells: 16/16 levels left

rFire    + . .     SeeInvis +     - Unarmed
rCold    + + .     Gourm    +   I - +18 shield of the Gong {rElec rN+ MR+ EV-5}
rNeg     + + .     Faith    .   H - +5 gold dragon scales
rPois    +         Spirit   +   O - +1 hat {SInv}
rElec    +         Reflect  +   l - scarf {Spirit}
rCorr    .         Harm     .   (gloves unavailable)
MR       +++..     NoTele   +   (boots unavailable)
Stlth    +.........             x - amulet of Vehumet's Approval {Reflect *Contam +Blink rF+ Dex+3 SH+3}
Regen    1.3/turn               z - ring of the Dropbear {*Corrode rN+ Str+3 Dex+6 Stlth+}
MPRegen  0.2/turn               B - +6 ring of strength

@: fire vulnerable, corroded, hasted, glowing, studying Evocations, silenced,
heavenly storm, very quick
A: unfitting armour, claws 3, horns 1, cold resistance 1, deformed body, fast
metabolism 3, gourmand, magic resistance 1, regeneration 2, screaming 1, shaggy
fur 1, tough skin 2, subdued magic 1
a: Renounce Religion, Evoke Blink


You were in the Dungeon.
You worshipped Wu Jian.
Wu Jian was exalted by your worship.
You were full.

You visited 1 branch

Inventory:

Missiles
 U - 46 large rocks (quivered)
Armour
 l - a scarf of spirit shield (worn)
 y - a +2 cloak of invisibility
 H - +5 gold dragon scales (worn)
 I - the +18 shield of the Gong (worn) {rElec rN+ MR+ EV-5}
   (You found it in the Dungeon)

   It affects your evasion (-5).
   It insulates you from electricity.
   It protects you from negative energy.
   It affects your resistance to hostile enchantments.
 O - a +1 hat of see invisible (worn)
Jewellery
 x - the amulet of Vehumet's Approval (around neck) {Reflect *Contam +Blink rF+ Dex+3 SH+3}
   (You found it in the Dungeon)

   [amulet of reflection]

   It shields you and reflects attacks.
   It affects your dexterity (+3).
   It protects you from fire.
   It lets you blink.
   It causes magical contamination when unequipped.
   It affects your SH (+3).
 z - the ring of the Dropbear (left claw) {*Corrode rN+ Str+3 Dex+6 Stlth+}
   (You found it in the Dungeon)

   [ring of strength]

   It affects your strength (+3).
   It affects your dexterity (+6).
   It protects you from negative energy.
   It may corrode you when you take damage.
   It makes you more stealthy.
 B - a +6 ring of strength (right claw)
 L - a +2 amulet of reflection
 M - the ring "Zuockune" {rN+ Int+6}
   (You found it in the Dungeon)

   [ring of positive energy]

   It affects your intelligence (+6).
   It protects you from negative energy.
 N - an uncursed ring of protection from magic
Wands
 D - a wand of disintegration (7/24)
 E - a wand of iceblast (5/15)
 F - a wand of lightning (5/15)
 G - a wand of acid (5/15)
Scrolls
 h - 4 scrolls of blinking
 o - 4 scrolls of amnesia
 p - 3 scrolls of recharging
 q - 8 scrolls of fog
 r - 2 scrolls of holy word
 s - 4 scrolls of identify
 t - 5 scrolls of remove curse
 u - 2 scrolls of fear
 K - 3 scrolls of brand weapon
Potions
 c - 12 potions of curing
 d - 8 potions of heal wounds
 e - 18 potions of haste
 f - 7 potions of magic
 g - 2 potions of berserk rage
 i - 2 potions of brilliance
 j - 2 potions of invisibility
 k - 4 potions of resistance
 m - 7 potions of agility
 n - 5 potions of might
 J - a potion of flight
Books
 a - a manual of Evocations
Comestibles
 b - 6 bread rations
 v - 42 fruits
 w - 4 meat rations
 A - 57 chunks of flesh
 C - 3 royal jellies


   Skills:
 * Level 20.4 Fighting
 + Level 15.0 Throwing
 + Level 15.2 Armour
 * Level 20.5 Dodging
 * Level 16.5 Stealth
 + Level 15.4 Shields
 * Level 23.5 Unarmed Combat


You had 16 spell levels left.
You didn't know any spells.

Dungeon Overview and Level Annotations

Branches:
Dungeon (1/1)

Altars:
Ashenzari
Cheibriados
Dithmenos
Elyvilon
Fedhas
Gozag
Hepliaklqana
Kikubaaqudgha
Makhleb
Nemelex Xobeh
Okawaru
Qazlal
Ru
Sif Muna
Trog
Uskayaw
Vehumet
Wu Jian
Xom
Yredelemnul
Zin
The Shining One
Beogh
Jiyva
Lugonu

Annotations:
D Cerebov, Chuck, Crazy Yiuf, Dispater, Frederick, Geryon, Ignacio, Josephine, Lernaean hydra, Maurice, Mennas, Mnoleg, Prince Ribbit, Purgy, Rupert, Sonja, Xtahua, the Enchantress


Innate Abilities, Weirdness & Mutations

You are too large for most types of armour.
You have claws for hands.
Your metabolism is lightning-fast.
You like to eat raw meat.
You heal very quickly.
You are covered in fur. (AC +1)
You have very tough skin. (AC +2)
You have a pair of small horns on your head.
Your flesh is cold resistant. (rC+)
Armour fits poorly on your strangely shaped body.
You are resistant to hostile enchantments. (MR+)
You occasionally shout uncontrollably at your foes.
Your spells are a little easier to cast, but a little less powerful.


Message History

The death ooze hits you!!
* * * LOW HITPOINT WARNING * * *
You block the death ooze's attack.
Unknown command.
You repeatedly attack the death ooze from above.
You scratch the death ooze.
The death ooze is lightly damaged.
You mangle the death ooze!!
The death ooze is severely damaged.
You attack the acid blob from above.
You eviscerate the acid blob!!!!
You kill the acid blob!
That felt strangely unrewarding.
You attack Mennas from above.
You mangle Mennas!!
Mennas is severely wounded.
You block Mennas's attack. Mennas completely misses you.
You feel much better.
You block Mennas's attack. x2; The death ooze hits you!
* * * LOW HITPOINT WARNING * * *
You block the death ooze's attack. You block Cerebov's attack.
The acid blob hits you!!
You die...

.X.§X§.§&F@KD§§§.▓
.X.X.§§§CiK1C§§§§▓
.....§§X§§J§&§§§▓
▓...§.§J§§▓§i§§▓ ..
▓▓..J.X.§▓▓▓J§§▓
...▓...J.....▓JJT§▓
.......J.....§Ji12▓
.......§)%...JJA&1▓
.......§.....§§@J§▓
▓▓▓▓▓▓▓▓▓▓▓▓▓▓▓▓▓▓▓


You could see Cerebov, Ignacio, Mennas, an acid blob, an Ice Fiend, the
Enchantress, an azure jelly, a blizzard demon and 2 death oozes.

Vanquished Creatures
  the Royal Jelly (D)
  5 pandemonium lords (D)
  Jory (D)
  An iron giant (D)
  A lich (D)
  2 Brimstone Fiends (D)
  An Ice Fiend (D)
  4 acid blobs (D)
  Frances (D)
  Gastronok (D)
  3 tentacled starspawn (D)
  A frost giant (D)
  A fire giant (D)
  A draconian knight (D)
  A deep elf sorcerer (D)
  A balrug (D)
  Louise (D)
  A cacodemon (D)
  4 orc warlords (D)
  A ghoul (D)
  4 spriggan defenders (D)
  3 reapers (D)
  7 stone giants (D)
  3 vampire knights (D)
  An apis (D)
  2 very ugly things (D)
  2 green draconians (D)
  Azrael (D)
  13 starcursed masses (D)
  3 white draconians (D)
  5 black draconians (D)
  2 purple draconians (D)
  4 yellow draconians (D)
  8 red draconians (D)
  A blizzard demon (D)
  4 death oozes (D)
  An ice dragon (shapeshifter) (D)
  Erolcha (D)
  Harold (D)
  4 spriggan air magi (D)
  2 rakshasas (D)
  4 two-headed ogres (D)
  A hell hog (D)
  A vampire mage (D)
  3 thrashing horrors (D)
  5 spriggan berserkers (D)
  A shock serpent (shapeshifter) (D)
  3 orc high priests (D)
  A sun demon (D)
  3 wretched stars (D)
  4 skeletal warriors (D)
  2 sixfirhies (D)
  A glowing orange brain (D)
  A shadow demon (D)
  4 spriggan druids (D)
  4 orc knights (D)
  3 shambling mangroves (D)
  Pikel (D)
  An oklob plant (D)
  An orb spider (shapeshifter) (D)
  3 orc sorcerers (D)
  A harpy (shapeshifter) (D)
  6 necromancers (D)
  A shining eye (D)
  6 cyclopes (D)
  7 large abominations (D)
  A moth of wrath (D)
  7 rust devils (D)
  5 smoke demons (D)
  An elephant (shapeshifter) (D)
  A moth of wrath (shapeshifter) (D)
  Joseph (D)
  An apocalypse crab (D)
  2 orange demons (D)
  A hellion (D)
  A freezing wraith (D)
  An efreet (D)
  2 tormentors (D)
  4 ice devils (D)
  4 red devils (D)
  2 hellwings (D)
  2 ancient zymes (D)
  3 merfolk (D)
  3 wind drakes (D)
  6 trolls (D)
  A jumping spider (D)
  9 hornets (D)
  4 raiju (D)
  3 hippogriffs (D)
  A flying skull (D)
  5 ynoxinuls (D)
  9 spriggans (D)
  7 shadows (D)
  A tarantella (D)
  A fire bat (D)
  5 wraiths (D)
  4 chaos spawn (D)
  6 neqoxecs (D)
  Grum (D)
  Menkaure (D)
  2 wargs (D)
  2 water moccasins (D)
  A hell hound (D)
  A floating eye (shapeshifter) (D)
  13 orc warriors (D)
  5 black bears (D)
  2 necrophages (D)
  3 ogres (D)
  2 centaurs (D)
  8 wolves (D)
  Blork the orc (D)
  10 small abominations (D)
  2 scorpions (D)
  4 wights (D)
  2 crimson imps (D)
  3 quasits (D)
  A jelly (D)
  4 orc priests (D)
  8 iron imps (D)
  4 orc wizards (D)
  A mummy (D)
  2 shadow imps (D)
  4 white imps (D)
  4 ufetubi (D)
  An adder zombie (D)
  3 orcs (D)
  A ball python (D)
  A bat skeleton (D)
  A butterfly (D)
  A lurking horror (D)
  A starspawn tentacle (D)
377 creatures vanquished.

Vanquished Creatures (others)
  A stone giant (D)
  A spriggan air mage (D)
  2 spatial maelstroms (D)
  An ogre (D)
  An iron imp (D)
  Terence (D)
  3 starspawn tentacles (D)
10 creatures vanquished.

Grand Total: 387 creatures vanquished

Notes
Turn   | Place    | Note
-------+----------+-------------------------------------------
     0 | D        | Kidiri the Troll Monk began the quest for the Orb.
     0 | D        | Reached XP level 1. HP: 22/22 MP: 0/0
     0 | D        | Found a deep blue altar of Sif Muna.
     0 | D        | Found a sacrificial altar of Ru.
     0 | D        | Found a bloodstained altar of Trog.
     0 | D        | Found a stormy altar of Qazlal.
     0 | D        | Found an iron altar of Okawaru.
     0 | D        | Found a sparkling altar of Nemelex Xobeh.
     0 | D        | Found a blossoming altar of Fedhas.
     0 | D        | Banished a spatial maelstrom
     0 | D        | Banished a spatial maelstrom
     2 | D        | Found a transporter.
     2 | D        | Found an ancient bone altar of Kikubaaqudgha.
     2 | D        | Found a viscous altar of Jiyva.
     2 | D        | Found a corrupted altar of Lugonu.
     2 | D        | Found a hazy altar of Hepliaklqana.
     2 | D        | Found a burning altar of Makhleb.
     2 | D        | Found an opulent altar of Gozag.
     2 | D        | Banished a spatial maelstrom
    66 | D        | Became a worshipper of the Wu Jian Council
    66 | D        | Reached * piety under Wu Jian
    66 | D        | Reached ** piety under Wu Jian
    80 | D        | Reached skill level 1 in Armour
    80 | D        | Reached skill level 1 in Shields
    80 | D        | Reached skill level 4 in Unarmed Combat
    80 | D        | Reached XP level 2. HP: 32/32 MP: 1/1
    90 | D        | Entered arena 2.
    90 | D        | Noticed a wolf
    90 | D        | Noticed a black bear
    90 | D        | Found a transporter.
    96 | D        | Killed a wolf
    96 | D        | Reached skill level 5 in Unarmed Combat
    96 | D        | Reached XP level 3. HP: 29/40 MP: 2/2
    96 | D        | Reached XP level 4. HP: 36/49 MP: 3/3
    97 | D        | Killed a black bear
    97 | D        | Reached skill level 5 in Fighting
    97 | D        | Reached skill level 6 in Unarmed Combat
    97 | D        | Reached XP level 5. HP: 42/57 MP: 4/4
   143 | D        | Entered arena 3.
   143 | D        | Noticed a water moccasin
   143 | D        | Noticed a water moccasin
   143 | D        | Found a transporter.
   148 | D        | Reached skill level 5 in Dodging
   154 | D        | Killed a water moccasin
   154 | D        | Reached XP level 6. HP: 66/66 MP: 5/5
   155 | D        | Killed a water moccasin
   155 | D        | Reached *** piety under Wu Jian
   155 | D        | Reached skill level 7 in Unarmed Combat
   223 | D        | Entered arena 4.
   223 | D        | Noticed a tentacled starspawn
   223 | D        | Found a transporter.
   231 | D        | Killed a tentacled starspawn
   231 | D        | Reached skill level 5 in Armour
   231 | D        | Reached skill level 5 in Stealth
   231 | D        | Reached skill level 5 in Shields
   231 | D        | Reached skill level 9 in Unarmed Combat
   231 | D        | Reached XP level 7. HP: 17/80 MP: 1/6
   231 | D        | Reached XP level 8. HP: 18/88 MP: 1/7
   232 | D        | Reached **** piety under Wu Jian
   355 | D        | Entered arena 5.
   355 | D        | Noticed a jumping spider
   355 | D        | Found a transporter.
   361 | D        | Reached XP level 9. HP: 96/96 MP: 8/8
   374 | D        | Killed a jumping spider
   374 | D        | Reached skill level 10 in Unarmed Combat
   384 | D        | Got the ring "Jaup" {+Inv rElec EV+4 Int+2}
   475 | D        | Entered arena 6.
   475 | D        | Found a transporter.
   481 | D        | Reached ***** piety under Wu Jian
   544 | D        | Entered arena 7.
   544 | D        | Noticed a spriggan rider
   548 | D        | Found a transporter.
   553 | D        | Killed a spriggan rider
   553 | D        | Reached skill level 11 in Unarmed Combat
   553 | D        | Reached XP level 10. HP: 103/107 MP: 9/9
   653 | D        | Entered arena 8.
   653 | D        | Noticed an orange demon
   654 | D        | Found a transporter.
   662 | D        | Killed an orange demon
   666 | D        | Reached ****** piety under Wu Jian
   678 | D        | Entered arena 9.
   682 | D        | Found a transporter.
   731 | D        | Got the ring of the Dropbear {*Corrode rN+ Str+3 Dex+6 Stlth+}
   736 | D        | Got the ring of Qacoguro {Ice Dex+5 Slay+2}
   741 | D        | Entered arena 10.
   742 | D        | Found a transporter.
   744 | D        | Reached skill level 10 in Fighting
   745 | D        | Reached skill level 10 in Dodging
   784 | D        | Entered arena 11.
   784 | D        | Noticed a spriggan rider
   787 | D        | Found a transporter.
   796 | D        | Reached skill level 1 in Throwing
   797 | D        | Reached skill level 12 in Unarmed Combat
   804 | D        | Killed a spriggan rider
   805 | D        | Reached XP level 11. HP: 118/119 MP: 7/10
   815 | D        | Killed Terence
   845 | D        | Entered arena 12.
   845 | D        | Noticed a necromancer
   846 | D        | Noticed a skeletal warrior
   847 | D        | Found a transporter.
   847 | D        | Noticed a vampire knight
   851 | D        | Killed a necromancer
   860 | D        | Killed a skeletal warrior
   861 | D        | Killed a vampire knight
   893 | D        | Got the amulet of Vehumet's Approval {Reflect *Contam +Blink rF+ Dex+3 SH+3}
   901 | D        | Entered arena 13.
   901 | D        | Noticed a purple very ugly thing
   901 | D        | Noticed a sea snake
   901 | D        | Noticed a glowing orange brain
   901 | D        | a sea snake changed into a glowing orange brain
   902 | D        | Noticed a harpy
   902 | D        | Noticed a shining eye
   902 | D        | a water nymph changed into a shining eye
   903 | D        | Noticed a shining eye
   903 | D        | a shining eye changed into a yaktaur
   904 | D        | Noticed a lindwurm
   905 | D        | Noticed a deep troll
   905 | D        | a snapping turtle changed into a deep troll
   906 | D        | Killed a harpy
   906 | D        | Noticed a death drake
   906 | D        | a lindwurm changed into a death drake
   908 | D        | Noticed a mana viper
   909 | D        | Found a transporter.
   909 | D        | Noticed a shock serpent
   911 | D        | Killed a shining eye
   911 | D        | Noticed a wolf spider
   911 | D        | a slime creature changed into a wolf spider
   912 | D        | Reached skill level 13 in Unarmed Combat
   912 | D        | Noticed an alligator
   912 | D        | a wolf spider changed into an alligator
   915 | D        | Killed a shock serpent
   915 | D        | Noticed a minotaur
   915 | D        | an alligator changed into a minotaur
   919 | D        | Noticed an orb spider
   919 | D        | a death drake changed into a floating eye
   921 | D        | Noticed an ice dragon
   921 | D        | a minotaur changed into an ice dragon
   923 | D        | Killed a purple very ugly thing
   927 | D        | Killed an ice dragon
   930 | D        | Killed an orb spider
   945 | D        | Gained mutation: Your flesh is cold resistant. (rC+) [mutagenic meat]
   946 | D        | Gained mutation: You heal very quickly. [mutagenic meat]
   948 | D        | Gained mutation: You have a pair of small horns on your head. [mutagenic meat]
   950 | D        | Gained mutation: You occasionally shout uncontrollably at your foes. [mutagenic meat]
   951 | D        | Gained mutation: You are resistant to hostile enchantments. (MR+) [mutagenic meat]
   952 | D        | Gained mutation: Your spells are a little easier to cast, but a little less powerful. [mutagenic meat]
   986 | D        | Entered arena 14.
   987 | D        | Noticed a skeletal warrior
   987 | D        | Noticed an iron giant
   988 | D        | Noticed a reaper
   990 | D        | Found a transporter.
   992 | D        | Killed an iron giant
   992 | D        | Reached skill level 5 in Throwing
   992 | D        | Reached skill level 14 in Unarmed Combat
   992 | D        | Reached XP level 12. HP: 132/132 MP: 11/11
  1004 | D        | Killed a reaper
  1050 | D        | Entered arena 15.
  1051 | D        | Noticed Pikel
  1051 | D        | Noticed Frances
  1051 | D        | Noticed Harold
  1052 | D        | Noticed Joseph
  1052 | D        | Noticed Louise
  1052 | D        | Noticed Erolcha
  1059 | D        | Killed Pikel
  1061 | D        | Killed Erolcha
  1061 | D        | Noticed Menkaure
  1062 | D        | Noticed Blork the orc
  1062 | D        | Killed Menkaure
  1064 | D        | Noticed Gastronok
  1065 | D        | Found a transporter.
  1065 | D        | Killed Blork the orc
  1065 | D        | Killed Harold
  1067 | D        | Killed Joseph
  1071 | D        | Killed Frances
  1071 | D        | Reached skill level 10 in Stealth
  1072 | D        | Killed Gastronok
  1075 | D        | Killed Louise
  1075 | D        | Reached skill level 15 in Unarmed Combat
  1131 | D        | Entered arena 16.
  1132 | D        | Noticed a starcursed mass
  1135 | D        | Found a transporter.
  1136 | D        | Reached XP level 13. HP: 143/144 MP: 12/12
  1136 | D        | Killed a starcursed mass
  1189 | D        | Entered arena 17.
  1192 | D        | Noticed a vampire knight
  1193 | D        | Noticed a vampire knight
  1194 | D        | Noticed a ghoul
  1206 | D        | Killed a vampire knight
  1212 | D        | Killed a vampire knight
  1214 | D        | Killed a ghoul
  1218 | D        | Reached skill level 10 in Armour
  1218 | D        | Reached skill level 10 in Shields
  1239 | D        | Found a transporter.
  1253 | D        | Got the ring of the Enemy {rC+ Dex+3}
  1258 | D        | Got the amulet "Rel Oxang" {Inacc +Fly rF- rN++ Int+2}
  1265 | D        | Got the ring of Xom's Ringing Laughter {*Corrode rC+ rN+ Stlth+}
  1280 | D        | Entered arena 18.
  1282 | D        | Noticed a reaper
  1290 | D        | Noticed a reaper
  1291 | D        | Reached skill level 16 in Unarmed Combat
  1291 | D        | Found a transporter.
  1292 | D        | Killed a reaper
  1306 | D        | Killed a reaper
  1323 | D        | Got the amulet "Qacuotank" {Inacc SInv}
  1346 | D        | Entered arena 19.
  1349 | D        | Noticed a fire giant
  1349 | D        | Noticed a stone giant
  1350 | D        | Noticed a stone giant
  1350 | D        | Noticed a stone giant
  1350 | D        | Noticed a frost giant
  1354 | D        | Noticed a stone giant
  1354 | D        | Noticed a stone giant
  1359 | D        | Found a transporter.
  1359 | D        | Killed a fire giant
  1361 | D        | Killed a stone giant
  1363 | D        | Killed a stone giant
  1363 | D        | Reached XP level 14. HP: 103/157 MP: 13/13
  1364 | D        | Killed a stone giant
  1365 | D        | Killed a frost giant
  1365 | D        | Reached skill level 17 in Unarmed Combat
  1367 | D        | Killed a stone giant
  1370 | D        | Killed a stone giant
  1370 | D        | Reached skill level 15 in Dodging
  1500 | D        | Entered arena 20.
  1505 | D        | Noticed Danwur the pandemonium lord
  1505 | D        | Noticed Muelar the pandemonium lord
  1505 | D        | Noticed Rotre the pandemonium lord
  1505 | D        | Noticed a Brimstone Fiend
  1506 | D        | Noticed Baoje the pandemonium lord
  1506 | D        | Noticed an Ice Fiend
  1506 | D        | Noticed Xesol the pandemonium lord
  1507 | D        | Noticed an Executioner
  1508 | D        | Reached skill level 15 in Fighting
  1513 | D        | Killed Muelar the pandemonium lord
  1513 | D        | Killed Rotre the pandemonium lord
  1513 | D        | Reached skill level 10 in Throwing
  1513 | D        | Reached skill level 18 in Unarmed Combat
  1515 | D        | Killed Danwur the pandemonium lord
  1516 | D        | Reached XP level 15. HP: 170/170 MP: 14/14
  1520 | D        | Killed a Brimstone Fiend
  1522 | D        | Killed an Ice Fiend
  1525 | D        | Noticed a Brimstone Fiend
  1528 | D        | Killed Baoje the pandemonium lord
  1528 | D        | Reached skill level 19 in Unarmed Combat
  1531 | D        | Killed Xesol the pandemonium lord
  1533 | D        | Killed a Brimstone Fiend
  1540 | D        | Found a transporter.
  1618 | D        | Entered arena 21.
  1624 | D        | Noticed a purple draconian knight
  1656 | D        | Killed a purple draconian knight
  1662 | D        | Reached skill level 20 in Unarmed Combat
  1681 | D        | Reached XP level 16. HP: 55/185 MP: 15/15
  1735 | D        | Found a transporter.
  1789 | D        | Entered arena 22.
  1818 | D        | Reached skill level 21 in Unarmed Combat
  1841 | D        | Got the ring of Arhiun {Fire Str+4}
  1887 | D        | Found a transporter.
  1907 | D        | Got the cursed ring "Beguodgh" {*Slow AC-2 Str+7}
  2060 | D        | Entered arena 23.
  2066 | D        | Noticed a tentacled starspawn
  2068 | D        | Noticed a tentacled starspawn
  2075 | D        | Killed a tentacled starspawn
  2081 | D        | Reached skill level 15 in Stealth
  2084 | D        | Killed a tentacled starspawn
  2104 | D        | Found a transporter.
  2241 | D        | Entered arena 24.
  2247 | D        | Noticed a lich
  2263 | D        | Gained mutation: Armour fits poorly on your strangely shaped body. [a cacodemon]
  2265 | D        | Killed a lich
  2265 | D        | Reached skill level 22 in Unarmed Combat
  2289 | D        | Got the ring "Dedaf" {rPois MR+}
  2313 | D        | Found a transporter.
  2372 | D        | Got the ring "Zuockune" {rN+ Int+6}
  2497 | D        | Entered arena 25.
  2509 | D        | Reached XP level 17. HP: 186/198 MP: 14/16
  2538 | D        | Reached skill level 23 in Unarmed Combat
  2600 | D        | Found a transporter.
  2650 | D        | Entered arena 26.
  2650 | D        | Noticed Jory
  2656 | D        | Killed Jory
  2656 | D        | Reached skill level 15 in Shields
  2658 | D        | Noticed the Royal Jelly
  2660 | D        | Noticed Mnoleg
  2660 | D        | Noticed Mennas
  2661 | D        | Noticed an acid blob
  2661 | D        | Noticed an acid blob
  2661 | D        | Noticed the Enchantress
  2661 | D        | Noticed Chuck
  2661 | D        | Noticed an acid blob
  2661 | D        | Noticed an acid blob
  2661 | D        | Noticed an acid blob
  2661 | D        | Noticed an acid blob
  2661 | D        | Noticed Geryon
  2661 | D        | Noticed Sonja
  2661 | D        | Noticed Azrael
  2661 | D        | Noticed Josephine
  2662 | D        | Killed an acid blob
  2662 | D        | Killed the Royal Jelly
  2662 | D        | Reached skill level 15 in Armour
  2662 | D        | Noticed an acid blob
  2663 | D        | Noticed Crazy Yiuf
  2663 | D        | Noticed Frederick
  2663 | D        | Noticed Rupert
  2663 | D        | Noticed Prince Ribbit
  2663 | D        | Noticed Maurice
  2663 | D        | Noticed Ignacio
  2663 | D        | Noticed the 27-headed Lernaean hydra
  2663 | D        | Noticed Grum
  2663 | D        | Noticed Dispater
  2663 | D        | Noticed Cerebov
  2663 | D        | Noticed Purgy
  2664 | D        | Killed an acid blob
  2667 | D        | Noticed Xtahua
  2668 | D        | Killed Grum
  2668 | D        | Killed an acid blob
  2671 | D        | Killed Azrael
  2671 | D        | Reached skill level 15 in Throwing
  2673 | D        | Noticed an Ice Fiend
  2674 | D        | Noticed an acid blob
  2681 | D        | HP: 3/202 [Ice Fiend[Dispater] (10)]
  2685 | D        | Killed an acid blob
  2686 | D        | Slain by an acid blob

Vault maps used:
D:        sprint_v

Skill      XL: |  1  2  3  4  5  6  7  8  9 10 11 12 13 14 15 16 17 |
---------------+----------------------------------------------------+-----
Fighting       | 3 4 5 8 9 10 12 13 14 16 17 19 20 | 20.4
Armour         | 1 2 3 5 6 7 8 9 10 11 13 14 15 | 15.2
Dodging        | 3 4 5 8 9 10 12 13 14 16 17 19 20 | 20.5
Stealth        | 2 3 5 7 8 9 10 11 12 14 15 16 | 16.5
Shields        | 1 2 3 5 6 7 8 9 10 11 13 14 15 | 15.4
Unarmed Combat | 4 5 6 9 11 12 14 15 16 18 20 22 23 | 23.5
Throwing       | 2 5 6 8 10 12 14 15 | 15.0

Action                   |  1- 3 |  4- 6 |  7- 9 | 10-12 | 13-15 | 16-18 || total
-------------------------+-------+-------+-------+-------+-------+-------++-------
Melee: Unarmed           |     7 |    29 |    92 |   212 |   324 |   394 ||  1058
       Headbutt          |       |       |       |    19 |    80 |    57 ||   156
Throw: Tomahawk          |       |       |       |       |     7 |       ||     7
       Large rock        |       |       |       |       |     6 |     9 ||    15
Invok: Heavenly Storm    |       |       |     1 |     7 |     5 |     5 ||    18
       Serpent's Lash    |       |       |       |     3 |     3 |     3 ||     9
 Abil: Evoke Invisibilit |       |       |       |     1 |       |       ||     1
  Use: Potion            |     2 |       |       |       |     9 |     7 ||    18
       Scroll            |       |       |       |       |     1 |     1 ||     2
  Eat: Chunk             |       |     6 |     1 |    17 |     6 |     7 ||    37
Armor: Robe              |     2 |     3 |     1 |       |       |       ||     6
       Gold dragon scale |       |       |    20 |    36 |    30 |    17 ||   103
Dodge: Dodged            |     9 |     2 |       |    10 |    25 |    22 ||    68
Block: Shield            |       |    30 |    90 |   152 |   176 |   192 ||   640
       Reflection        |       |       |       |     8 |     7 |    14 ||    29
